 Dungeon Crawl Stone Soup version 0.21-a0-186-g02e8684 (webtiles) character file.

1841 Starchild the Protected (level 9, -7/57 HPs)
             Began as a Formicid Fighter on Aug 13, 2017.
             Was a Believer of Okawaru.
             Mangled by a seven-headed hydra (10 damage)
             ... on level 6 of the Dungeon.
             The game lasted 00:26:35 (7124 turns).

Starchild the Protected (Formicid Fighter)          Turns: 7124, Time: 00:26:37

Health: -7/57      AC: 20    Str: 21    XL:     9   Next: 33%
Magic:  7/9        EV:  6    Int: 17    God:    Okawaru [**....]
Gold:   246        SH: 15    Dex: 13    Spells: 5/8 levels left

rFire    . . .     SeeInvis +   x - +0 war axe (flame)
rCold    . . .     Gourm    .   c - +0 shield
rNeg     . . .     Faith    .   v - +1 plate armour (curse)
rPois    .         Spirit   .   (helmet unavailable)
rElec    .         Reflect  .   G - +0 cloak
rCorr    .         Harm     .   (no gloves)
MR       .....                  (no boots)
Stlth    ..........             (no amulet)
HPRegen  0.19/turn              A - +4 ring of intelligence
MPRegen  0.11/turn              (no ring)

@: brilliant
A: permanent stasis, dig shafts and tunnels, four strong arms, antennae 3,
iridescent scales 1, large bone plates 1, molten scales 1, frail 1, wild magic
1, no potion heal 1
a: Dig, Shaft Self, Heroism, Renounce Religion


You were on level 6 of the Dungeon.
You worshipped Okawaru.
Okawaru was pleased with you.
You were hungry.

You visited 2 branches of the dungeon, and saw 8 of its levels.

You collected 246 gold pieces.

Inventory:

Hand Weapons
 a - a +0 long sword
 p - a +0 hunting sling
 x - a +0 war axe of flaming (weapon)
 L - a +0 halberd of venom
Missiles
 e - 150 stones
 l - 51 bolts
 t - 6 tomahawks (quivered)
 y - 28 sling bullets
Armour
 c - a +0 shield (worn)
 v - a cursed +1 plate armour (worn)
 G - a +0 cloak (worn)
Jewellery
 A - a +4 ring of intelligence (left hand)
 J - a +1 ring of evasion {unknown}
Wands
 h - a wand of lightning (0/15)
 F - a wand of enslavement (15/24)
 K - a wand of lightning (8/15)
Scrolls
 b - a scroll of fog {unknown}
 i - 6 scrolls of identify
 n - 4 scrolls of remove curse
 r - a scroll of enchant armour
 z - a scroll of amnesia
 E - a scroll of enchant weapon {unknown}
 H - a scroll of magic mapping
Potions
 d - a potion of might
 g - 2 potions of degeneration {unknown}
 j - a potion of agility {unknown}
 m - 3 potions of brilliance
 o - a potion of mutation {unknown}
 q - a potion of experience {unknown}
 s - 3 potions of heal wounds {unknown}
 u - 3 potions of haste {unknown}
 w - a potion of cancellation {unknown}
 B - a potion of lignification {unknown}
 C - a potion of flight {unknown}
Books
 D - a book of Misfortune

   Spells                             Type                      Level
   a - Confusing Touch                Hexes                        1
   b - Confuse                        Hexes                        3
   c - Gell's Gravitas                Translocation                3
   d - Petrify                        Transmutation/Earth          4
   e - Metabolic Englaciation         Hexes/Ice                    5
   f - Yara's Violent Unravelling     Hexes/Transmutation          5
Comestibles
 f - 4 bread rations
 k - 2 meat rations
 I - 2 fruits


   Skills:
 - Level 3.2 Fighting
 - Level 2.0 Long Blades
 - Level 0.2 Polearms
 - Level 9.1 Armour
 - Level 9.0 Shields
 + Level 5.8 Hexes
 - Level 0.2 Invocations


You had 5 spell levels left.
You knew the following spells:

 Your Spells              Type           Power        Failure   Level  Hunger
a - Confuse               Hex            #####...     13%         3    ####...


Dungeon Overview and Level Annotations

Branches:
Dungeon (7/15)             Temple (1/1) D:5

Altars:
Ashenzari
Cheibriados
Dithmenos
Elyvilon
Hepliaklqana
Kikubaaqudgha
Makhleb
Okawaru
Ru
Trog
Vehumet
Zin
The Shining One


Innate Abilities, Weirdness & Mutations

You cannot be hasted, slowed, berserked, paralysed or teleported.
You can dig through walls and to a lower floor.
Your four strong arms can wield two-handed weapons with a shield.
You have a pair of large antennae on your head. (SInv)
You are partially covered in iridescent scales. (AC +2)
You are partially covered in large bone plates. (SH +4)
You are partially covered in molten scales. (AC +2)
You are frail. (-10% HP)
Your spells are a little harder to cast, but a little more powerful.
Potions are less effective at restoring your health.


Message History

Aim: a seven-headed hydra (severely wounded, confused)
You shoot a sling bullet.
The sling bullet hits the seven-headed hydra!
The seven-headed hydra is almost dead.
The seven-headed hydra seems less confused.
Firing (i - inventory. (,) - cycle):
y - 29 sling bullets (quivered)
Press: ? - help, Shift-Dir - straight line, f/p - seven-headed hydra
Aim: a seven-headed hydra (almost dead)
You shoot a sling bullet.
The sling bullet hits the seven-headed hydra.
The seven-headed hydra is almost dead.
Wield which item (- for none, * to show all)? (? for menu, Esc to quit)
Your +0 war axe of flaming bursts into flame!
x - a +0 war axe of flaming (weapon)
You block the seven-headed hydra's attack.
The seven-headed hydra bites you.
* * * LOW HITPOINT WARNING * * *
You block the seven-headed hydra's attack.
The seven-headed hydra bites you!
You die...

###############
#.............#
#.###########.# #.# #.#
#.###########.#
#.............#
####..###########
#.#.....@.......#
#########......#D.#..##.##
...............(>###.....#
###########.....((....#..##
#### #.#.(.(###..#...#
...########.########..#####
...<..................#
...########...#######.#
...# #........#......#


You could see a seven-headed hydra.

Vanquished Creatures
  An orc warrior (D:6)
  2 sky beasts (D:6)
  2 phantoms (D:4)
  An ogre (D:7)
  A centaur (D:6)
  2 bullfrogs
  A scorpion (D:5)
  2 crimson imps
  6 orc priests
  A gnoll shaman (D:6)
  5 hounds
  6 orc wizards
  A bullfrog skeleton (D:5)
  3 iguanas
  3 worker ants
  A hound skeleton (D:6)
  3 gnolls (D:6)
  8 adders
  2 shadow imps
  2 oozes
  An adder zombie (D:5)
  2 adder skeletons
  4 dart slugs
  3 worms
  2 leopard geckos
  19 orcs
  2 ball pythons (D:2)
  7 bats
  12 giant cockroaches
  9 goblins
  7 hobgoblins
  6 jackals
  7 kobolds
  6 quokkas
  7 frilled lizards
  10 rats
157 creatures vanquished.

Notes
Turn   | Place    | Note
-------+----------+-------------------------------------------
     0 | D:1      | Starchild the Formicid Fighter began the quest for the Orb.
     0 | D:1      | Reached XP level 1. HP: 18/18 MP: 1/1
    97 | D:1      | Reached XP level 2. HP: 24/24 MP: 2/2
   379 | D:1      | Reached XP level 3. HP: 26/29 MP: 3/3
   944 | D:2      | Reached skill level 5 in Armour
   993 | D:2      | Reached XP level 4. HP: 28/35 MP: 4/4
  1744 | D:3      | Reached XP level 5. HP: 23/41 MP: 5/5
  2492 | D:4      | Reached XP level 6. HP: 24/47 MP: 6/6
  3407 | D:4      | Noticed a phantom
  3494 | D:4      | Killed a phantom
  3494 | D:4      | Reached XP level 7. HP: 20/52 MP: 7/7
  4199 | D:4      | Reached XP level 8. HP: 58/58 MP: 8/8
  4243 | D:5      | Entered Level 5 of the Dungeon
  4243 | D:5      | Found a staircase to the Ecumenical Temple.
  4243 | D:5      | Found a shattered altar of Ashenzari.
  4248 | Temple   | Entered the Ecumenical Temple
  4473 | Temple   | Became a worshipper of Warmaster Okawaru
  4502 | D:5      | Reached skill level 5 in Shields
  4712 | D:5      | Found a hazy altar of Hepliaklqana.
  5076 | D:5      | Found a glowing golden altar of the Shining One.
  6146 | D:6      | Reached * piety under Okawaru
  6382 | D:6      | Gained mutation: Your spells are a little harder to cast, but a little more powerful. [mutagenic meat]
  6383 | D:6      | Gained mutation: You are frail. (-10% HP) [mutagenic meat]
  6384 | D:6      | Gained mutation: You are partially covered in molten scales. (AC +2) [mutagenic meat]
  6386 | D:6      | Gained mutation: Potions are less effective at restoring your health. [mutagenic meat]
  6391 | D:6      | Learned a level 3 spell: Confuse
  6398 | D:6      | Reached XP level 9. HP: 57/57 MP: 9/9
  6465 | D:6      | Gained mutation: You are partially covered in iridescent scales. (AC +2) [mutagenic meat]
  6466 | D:6      | Lost mutation: You are frail. (-10% HP) [mutagenic meat]
  6467 | D:6      | Gained mutation: You are partially covered in large bone plates. (SH +4) [mutagenic meat]
  6468 | D:6      | Gained mutation: You are frail. (-10% HP) [mutagenic meat]
  7004 | D:7      | Reached skill level 5 in Hexes
  7087 | D:7      | Noticed a six-headed hydra
  7088 | D:7      | Noticed a hippogriff
  7091 | D:7      | Reached ** piety under Okawaru
  7124 | D:6      | Mangled by a seven-headed hydra

Vault maps used:
D:1:      dpeg_arrival_rooms_b, eino_curves_04, st_stairs_9,
          minmay_rat_gold_closets
D:4:      first_bread
D:5:      cheibrodos_ashenzari_chains, overflow_temple_1_default,
          minmay_temple_entry_butterflies, basic_altar, corexii_corridor_pit
D:7:      minmay_the_grid_square_5x5_3x3, nicolae_overflow_quartered_altars,
          serial_shops, shop, st_stairs_10, dk_xom_monty_hall, uniq_joseph
Temple:   minmay_temple_curvy_loop

Skill      XL: |  1  2  3  4  5  6  7  8  9 |
---------------+----------------------------+-----
Armour         | 4 5 6 8 9 |  9.1
Shields        | 4 9 |  9.0
Hexes          | 5 |  5.8
Fighting       | |  3.2
Long Blades    | |  2.0
Polearms       | |  0.2
Invocations    | |  0.2

Action                   |  1- 3 |  4- 6 |  7- 9 || total
-------------------------+-------+-------+-------++-------
Melee: Long sword        |    93 |   220 |       ||   313
       War axe           |       |    99 |   182 ||   281
       Halberd           |       |       |   126 ||   126
 Fire: Hunting sling     |       |       |    26 ||    26
Throw: Tomahawk          |       |       |     4 ||     4
 Cast: Confuse           |       |       |     1 ||     1
Invok: Heroism           |       |       |     2 ||     2
 Abil: Dig               |       |     1 |     5 ||     6
Evoke: Wand              |       |     1 |     4 ||     5
  Use: Scroll            |       |     6 |     1 ||     7
       Potion            |       |       |     1 ||     1
  Eat: Chunk             |       |     8 |    23 ||    31
       Royal jelly       |       |       |     1 ||     1
Armor: Scale mail        |     8 |       |       ||     8
       Ring mail         |    39 |     2 |       ||    41
       Plate armour      |       |   248 |   222 ||   470
Dodge: Dodged            |    38 |    52 |    87 ||   177
Block: Shield            |    56 |   193 |   235 ||   484
       Rpst.: Long sword |    12 |    11 |       ||    23
